 Dungeon Crawl Stone Soup version 0.24.0-125-gc4c63601f3 (webtiles) character file.

Game seed: 11011881999052588789, levelgen mode: deterministic

107 Johnny the Ruffian (level 4, 0/45 HPs)
             Began as a Troll Berserker on Feb 29, 2020.
             Was a Believer of Trog.
             Slain by a gnoll
             ... wielding a +0 spear
              (4 damage)
             ... on level 2 of the Dungeon.
             The game lasted 00:00:57 (885 turns).

Johnny the Ruffian (Troll Berserker)                 Turns: 885, Time: 00:00:58

Health: 0/45       AC:  6    Str: 26    XL:     4   Next: 56%
Magic:  3/3        EV: 10    Int:  3    God:    Trog [**....]
Gold:   92         SH:  0    Dex:  9    Spells: 3/3 levels left

rFire    . . .     SeeInvis .     - Unarmed
rCold    . . .     Gourm    +   (no shield)
rNeg     . . .     Faith    .   a - +0 animal skin
rPois    .         Spirit   .   (helmet restricted)
rElec    .         Reflect  .   (no cloak)
rCorr    +         Harm     .   (gloves unavailable)
MR       .....                  (boots unavailable)
Stlth    +.........             (no amulet)
HPRegen  0.55/turn              c - ring of resist corrosion
MPRegen  0.08/turn              (no ring)

@: no status effects
A: large, unfitting armour, claws 3, fast metabolism 3, gourmand, regeneration
1, shaggy fur 1, tough skin 3
a: Berserk, Trog's Hand, Renounce Religion


You were on level 2 of the Dungeon.
You worshipped Trog.
Trog was pleased with you.
You were very full.

You visited 1 branch of the dungeon, and saw 2 of its levels.

You collected 92 gold pieces.

Inventory:

Armour
 a - a +0 animal skin (worn)
Jewellery
 c - a ring of resist corrosion (left claw)
 k - an uncursed ring of protection from fire {unknown}
Scrolls
 f - a scroll of amnesia {unknown}
 g - a scroll of teleportation {unknown}
 h - 4 scrolls of enchant weapon {unknown}
 j - 2 scrolls of random uselessness {unknown}
 n - a scroll of fog {unknown}
Potions
 d - a potion of agility {unknown}
 e - 3 potions of haste {unknown}
 i - a potion of brilliance {unknown}
 l - a potion of degeneration {unknown}
 m - a potion of curing {unknown}
Comestibles
 b - 2 rations


   Skills:
 + Level 3.2 Fighting
 + Level 3.2 Dodging
 + Level 3.9 Unarmed Combat


You had 3 spell levels left.
You didn't know any spells.
Your spell library was empty.

Dungeon Overview and Level Annotations

Branches:
Dungeon (2/15)

Altars:
Ru


Innate Abilities, Weirdness & Mutations

You are too large for most types of armour.
You have claws for hands.
Your metabolism is lightning-fast.
You like to eat raw meat.
Your natural rate of healing is unusually fast.
You are covered in fur. (AC +1)
You have extremely tough skin. (AC +3)


Message History

You are too injured to fight recklessly!
You are too injured to fight recklessly!
You are too injured to fight recklessly!
You are too injured to fight recklessly!
You are too injured to fight recklessly!
You claw the gnoll!
The gnoll is heavily wounded.
The gnoll hits you with a +0 spear. The gnoll hits you with a +0 halberd.
* * * LOW HITPOINT WARNING * * *
You claw the gnoll!
You kill the gnoll!
Trog accepts your kill. The gnoll hits you with a +0 spear.
* * * LOW HITPOINT WARNING * * *
You barely miss the gnoll. The gnoll hits you with a +0 spear.
* * * LOW HITPOINT WARNING * * *
You scratch the gnoll.
The gnoll is lightly wounded.
The gnoll hits you with a +0 spear.
You die...

#### ....###### ......(
#.......# ..(.... ## #.$.....#
....... ...#.......# .....#
........... .....+. #
#....)..#####......#.# .
#g@.........# .# #...
..######..†.†#######.# #...#
#..#..#.....#..#....#
#...###..#..#.###.#..#....#
#.<.........+..#..'.....#.##
#.##.........#########....#..#
...........†'._#..'.........
#......≈..≈.###.#.†#......
#......≈..≈.....#..#..#...


You could see a gnoll.

Vanquished Creatures
  2 adders (D:2)
  3 gnolls (D:2)
  A worm (D:2)
  2 dart slugs (D:1)
  A leopard gecko (D:1)
  6 giant cockroaches
  5 goblins
  7 hobgoblins
  4 jackals (D:1)
  A quokka (D:2)
  A ball python (D:1)
  3 bats
  3 frilled lizards
  3 kobolds
  7 rats
49 creatures vanquished.

Notes
Turn   | Place    | Note
-------+----------+-------------------------------------------
     0 | D:1      | Johnny the Troll Berserker began the quest for the Orb.
     0 | D:1      | Reached XP level 1. HP: 22/22 MP: 0/0
    47 | D:1      | Reached XP level 2. HP: 25/29 MP: 1/1
   260 | D:1      | Reached ** piety under Trog
   299 | D:1      | Reached XP level 3. HP: 36/36 MP: 2/2
   763 | D:2      | Found a sacrificial altar of Ru.
   865 | D:2      | Reached XP level 4. HP: 37/45 MP: 3/3
   885 | D:2      | Slain by a gnoll

Levels and vault maps discovered:
D:1:      dpeg_arrival_round_c, layout_basic, minmay_misc_feat_diagonals
D:2:      minmay_razor_zed, layout_basic, hangedman_ru_absence, first_ration,
          wad_orctagon

Skill      XL: |  1  2  3 |
---------------+----------+-----
Dodging        | 3 |  3.2
Fighting       | 3 |  3.2
Unarmed Combat | |  3.9

Action                   |  1- 3 |  4- 6 || total
-------------------------+-------+-------++-------
Melee: Unarmed           |   133 |    13 ||   146
  Eat: Chunk             |    12 |       ||    12
Armor: Animal skin       |    51 |     3 ||    54
Dodge: Dodged            |    69 |     7 ||    76
